 Dungeon Sprint DCSS version 0.27-a0-1071-ga85bd9520d (webtiles) character file.

Game seed: 14439891466574722048

148 mhtbhm the Arsonist (level 5, -18/28 HPs)
             Began as a Deep Elf Fire Elementalist on Apr 24, 2021.
             Was a Believer of Vehumet.
             Killed from afar by a deep elf zephyrmancer (26 damage)
             ... with a bolt of lightning
             ... in the Dungeon (Sprint V: "Ziggurat Sprint").
             The game lasted 00:01:18 (164 turns).

mhtbhm the Arsonist (Deep Elf Fire Elementalist)     Turns: 164, Time: 00:01:19

Health: -18/28     AC:  5    Str:  5    XL:     5   Next: 8%
Magic:  7/16       EV: 14    Int: 33    God:    Vehumet [**....]
Gold:   0          SH:  0    Dex: 15    Spells: 1/17 levels left

rFire    + . .     SeeInvis .   C - +8 lance "Wyrmbane" {slay drac, rPois rF+ rC+ AC+3}
rCold    + . .     Faith    .   (no shield)
rNeg     . . .     Spirit   .   a - +0 robe
rPois    +         Reflect  .   (no helmet)
rElec    .         Harm     .   (no cloak)
rCorr    .         Rampage  .   (no gloves)
Will     .....     NoTele   +   (no boots)
Stlth    +++.......             (no amulet)
HPRegen  0.09/turn              u - +6 ring of intelligence
MPRegen  0.15/turn              v - +6 ring of intelligence

@: studying Stealth
A: no striking features
a: Renounce Religion


You were in the Dungeon.
You worshipped Vehumet.
Vehumet was pleased with you.
You visited 1 branch

Inventory:

Hand Weapons
 C - the +8 lance "Wyrmbane" (weapon) {slay drac, rPois rF+ rC+ AC+3}
   (You found it in the Dungeon)

   It affects your AC (+3).
   It protects you from fire.
   It protects you from cold.
   It protects you from poison.
Armour
 a - a +0 robe (worn)
Jewellery
 u - a +6 ring of intelligence (left hand)
 v - a +6 ring of intelligence (right hand)
Wands
 y - a wand of mindburst (7)
 z - a wand of iceblast (6)
 A - a wand of acid (7)
Scrolls
 h - 4 scrolls of blinking
 m - 4 scrolls of amnesia
 n - 7 scrolls of fog
 o - a scroll of holy word
 p - 5 scrolls of identify
 q - 2 scrolls of fear
Potions
 b - 2 potions of brilliance
 c - 10 potions of curing
 d - 10 potions of heal wounds
 e - 6 potions of haste
 f - 7 potions of magic
 g - 3 potions of berserk rage
 i - 2 potions of invisibility
 j - 4 potions of resistance
 k - a potion of experience
 l - 5 potions of might
Miscellaneous
 B - a lightning rod (4/4)


   Skills:
 + Level 5.0 Dodging
 - Level 4.2 Stealth
 + Level 6.6 Spellcasting
 + Level 1.8 Conjurations
 + Level 9.0 Fire Magic
 + Level 0.9 Evocations


You had one spell level left.
You knew the following spells:

 Your Spells              Type           Power      Damage    Failure   Level
a - Foxfire               Conj/Fire      100%       2x1d9     1%          1
b - Conjure Flame         Conj/Fire      47%        6-21      1%          3
c - Inner Flame           Hex/Fire       40%        N/A       1%          3
d - Sticky Flame          Conj/Fire      47%        2d6       4%          4
e - Fireball              Conj/Fire      23%        3d11      12%         5

Your spell library contained the following spells:

 Spells                   Type           Power      Damage    Failure   Level
 Freeze                   Ice            44%        1d6       4%          1
 Sting                    Tmut/Pois      44%        1d5       4%          1
 Ignite Poison            Fire/Tmut/Pois 30%        N/A       3%          3
 Poisonous Vapours        Pois/Air       22%        N/A       6%          2
 Mephitic Cloud           Conj/Pois/Air  15%        N/A       10%         3
 Olgreb's Toxic Radiance  Pois           11%        N/A       36%         4


Dungeon Overview and Level Annotations

Branches:
Dungeon (1/1)

Altars:
Ashenzari
Cheibriados
Dithmenos
Elyvilon
Fedhas
Gozag
Hepliaklqana
Kikubaaqudgha
Makhleb
Nemelex Xobeh
Okawaru
Qazlal
Ru
Sif Muna
Trog
Uskayaw
Vehumet
Wu Jian
Xom
Yredelemnul
Zin
The Shining One
Beogh
Jiyva
Lugonu

Annotations:
D 1 transporter


Message History

The spell is potentially lethal to cast (12% risk of failure)!
Continue anyway?
Aiming: Fireball (potentially lethal; 12% risk of failure)
Press: ? - help, Shift-Dir - straight line, f - +2 mace of draining
Aim: a +2 mace of draining (dormant)
The fireball explodes!
The fireball engulfs the +2 mace of draining.
The +2 mace of draining completely resists.
The fireball engulfs the deep elf archer!
The deep elf archer is moderately wounded.
The deep elf archer shouts!
The fireball engulfs the deep elf pyromancer!!
The deep elf pyromancer is heavily wounded.
The deep elf pyromancer shouts!
The fireball engulfs the deep elf zephyrmancer!
The deep elf zephyrmancer is moderately wounded.
The deep elf archer blinks!
Unknown command.
Unknown command.
Casting: Fireball (potentially lethal; 12% risk of failure)
Confirm with . or Enter, or press ? or * to list all spells.
The spell is potentially lethal to cast (12% risk of failure)!
Continue anyway?
Aiming: Fireball (potentially lethal; 12% risk of failure)
Press: ? - help, Shift-Dir - straight line, p - +2 mace of draining The fireball explodes!
The fireball engulfs the +2 mace of draining.
The +2 mace of draining resists.
The +2 mace of draining is lightly damaged.
The fireball engulfs the deep elf pyromancer!!
You kill the deep elf pyromancer!
Vehumet accepts your kill.
You feel your power returning.
The fireball engulfs the deep elf zephyrmancer!!
The deep elf zephyrmancer is almost dead.
The deep elf zephyrmancer points at you and mumbles some strange words.
The bolt of lightning hits you!!
Ouch! That really hurt!
* * * LOW HITPOINT WARNING * * *
The bolt of lightning hits you!!
Ouch! That really hurt!
You die...

▓▓▓▓▓▓▓▓▓▓▓▓▓▓▓▓▓▓▓
▓.8©8.▓.8©8.▓.8©8.▓
▓.§}:.▓.)|}.▓.....▓
▓e))e.▓.....▓.....▓
▓.....▓.....▓.....▓
▓..(..▓.....▓.....▓
▓.....▓.....▓..©..▓
▓..@..▓..©..▓▓▓▓▓▓▓
▓▓▓▓▓▓▓▓▓▓▓▓▓


You could see a deep elf archer (repels missiles), a deep elf zephyrmancer and a
+2 mace of draining.

Vanquished Creatures
  A deep elf pyromancer (D)
  A wolf (D)
  A quasit (D)
  An iguana (D)
  An adder zombie (D)
  A bat zombie (D)
6 creatures vanquished.

Vanquished Creatures (others)
  2 foxfires (D)
2 creatures vanquished.

Grand Total: 8 creatures vanquished

Notes
Turn   | Place    | Note
-------+----------+-------------------------------------------
     0 | D        | mhtbhm the Deep Elf Fire Elementalist began the quest for
                  | the Orb.
     0 | D        | Reached XP level 1. HP: 10/10 MP: 6/6
     0 | D        | Found a shimmering blue altar of Sif Muna.
     0 | D        | Found a sacrificial altar of Ru.
     0 | D        | Found a bloodstained altar of Trog.
     0 | D        | Found a stormy altar of Qazlal.
     0 | D        | Found an iron altar of Okawaru.
     0 | D        | Found a sparkling altar of Nemelex Xobeh.
     0 | D        | Found a blossoming altar of Fedhas.
     1 | D        | Found the +6 Majin-Bo {vamp, MP+6 Int+6}
     1 | D        | Found the +9 heavy crossbow "Sniper" {vorpal, Acc+∞ SInv}
     1 | D        | Found the +10 dark maul {vorpal}
     1 | D        | Found the +15 Maxwell's patent armour {-Cast -Tele rElec
                  | Will+ rCorr}
     1 | D        | Found the +18 shield of the Gong {rElec rN+ Will+ EV-5}
     1 | D        | Found the +14 obsidian axe {vorpal, Drain Fly SInv}
     1 | D        | Found the +7 great mace "Firestarter" {inner flame, rF++}
     1 | D        | Found the +6 shillelagh "Devastator" {shatter}
     1 | D        | Found the +11 plutonium sword {Contam Stlth-}
     1 | D        | Found the +8 lance "Wyrmbane" {slay drac, rPois rF+ rC+
                  | AC+3}
     1 | D        | Found the +9 sword of Zonguldrok {reap}
     1 | D        | Found the +13 scythe of Curses {drain, Drain}
     1 | D        | Found the +5 sword of Power {vorpal}
     1 | D        | Found the +7 mace of Variability {chain chaos}
     1 | D        | Found the +7 Singing Sword {vorpal, sonic wave}
     1 | D        | Found the +8 storm bow {elec, penet}
     2 | D        | Found a transporter.
     2 | D        | Found an ancient bone altar of Kikubaaqudgha.
     2 | D        | Found a viscous altar of Jiyva.
     2 | D        | Found a corrupted altar of Lugonu.
     2 | D        | Found a hazy altar of Hepliaklqana.
     2 | D        | Found a burning altar of Makhleb.
     2 | D        | Found an opulent altar of Gozag.
    56 | D        | Became a worshipper of Vehumet
    77 | D        | Entered arena 2.
    77 | D        | Noticed an iguana
    77 | D        | Noticed a wolf
    77 | D        | Found a transporter.
    79 | D        | Killed an iguana
    79 | D        | Killed a wolf
    80 | D        | Reached skill level 8 in Fire Magic
    80 | D        | Reached XP level 2. HP: 15/15 MP: 7/11
    80 | D        | Reached XP level 3. HP: 19/19 MP: 7/12
    80 | D        | Reached XP level 4. HP: 24/24 MP: 8/14
    84 | D        | Learned a level 3 spell: Conjure Flame
    88 | D        | Learned a level 3 spell: Inner Flame
    93 | D        | Learned a level 4 spell: Sticky Flame
   106 | D        | Entered arena 3.
   106 | D        | Found a transporter.
   107 | D        | Reached * piety under Vehumet
   107 | D        | Offered knowledge of Freeze by Vehumet.
   108 | D        | Reached XP level 5. HP: 28/28 MP: 14/16
   112 | D        | Reached skill level 5 in Dodging
   112 | D        | Reached skill level 9 in Fire Magic
   157 | D        | Learned a level 5 spell: Fireball
   162 | D        | Entered arena 4.
   162 | D        | Noticed a deep elf archer
   162 | D        | Noticed a deep elf pyromancer
   162 | D        | Noticed a deep elf zephyrmancer
   162 | D        | Noticed a +2 mace of draining
   162 | D        | Found a transporter.
   164 | D        | Killed a deep elf pyromancer
   164 | D        | Reached ** piety under Vehumet
   164 | D        | Killed from afar by a deep elf zephyrmancer

Illustrated notes

Levels and vault maps discovered:
D:        sprint_v [room_start, room_1, room_2, room_3, room_4, room_5, room_6,
          room_7, room_8, room_9, room_10, room_11, room_12, room_13, room_14,
          room_15, room_16, room_17, room_18, room_19, room_20, room_21,
          room_22, room_23, room_24, room_25, room_26, room_27]

Skill      XL: |  1  2  3  4  5 |
---------------+----------------+-----
Dodging        | 4 5 |  5.0
Stealth        | 4 |  4.2
Spellcasting   | 6 |  6.6
Fire Magic     | 8 9 |  9.0
Conjurations   | |  1.8
Evocations     | |  0.9

Action                   |  1- 3 |  4- 6 || total
-------------------------+-------+-------++-------
Melee: Lance             |       |     1 ||     1
 Cast: Fireball          |       |     2 ||     2
       Sticky Flame      |       |     1 ||     1
       Foxfire           |       |     1 ||     1
Evoke: Lightning rod     |     1 |     1 ||     2
       Wand              |     1 |       ||     1
Dodge: Dodged            |       |     1 ||     1

Table legend: (Time is in decaauts)
 A = Elapsed time spent in this place.
 B = Non-inter-level travel time spent in this place.
 C = Inter-level travel time spent in this place.
 D = Time resting spent in this place.
 E = Time spent auto-exploring this place.
 F = Levels seen in this place.
 G = Mean time per level.
                   A        B        C        D        E       F      G
               +--------+--------+--------+--------+--------+-----+--------+
         Total |    162 |    162 |      0 |     33 |     14 |   1 |  162.0 |
       Dungeon |    162 |    162 |      0 |     33 |     14 |   1 |  162.0 |
               +--------+--------+--------+--------+--------+-----+--------+

Top non-repeatable levels by time:
       D: 162 daAuts
